 Dungeon Crawl Stone Soup version 0.31-a0-880-g9a209b2425 (webtiles) character file.

Game seed: 15838003864852906754

500 Morbidden the Shooter (level 7, -14/53 HPs)
             Began as a Formicid Hunter on Oct 15, 2023.
             Demolished by an ogre
             ... wielding a +0 giant club
              (23 damage)
             ... on level 4 of the Dungeon.
             The game lasted 00:03:56 (3358 turns).

Morbidden the Shooter (Formicid Hunter)             Turns: 3358, Time: 00:03:57

Health: -14/53     AC: 11    Str: 16    XL:     7   Next: 40%
Magic:  7/7        EV:  9    Int:  8    God:
Gold:   164        SH:  5    Dex: 25    Spells: 6/6 levels left

rFire   . . .        a - +0 shortbow
rCold   . . .        (no shield)
rNeg    . . .        j - +0 chain mail
rPois   .            (helmet unavailable)
rElec   .            (no cloak)
rCorr   .            p - +0 pair of gloves
SInv    +            i - +0 pair of boots
Will    .....        n - amulet of reflection Stlth
                     q - +6 ring of dexterity
HPRegen 0.28/turn    (no ring)
MPRegen 0.10/turn

%: reflection
@: no status effects
A: permanent stasis, dig shafts and tunnels, antennae 3, four strong arms
a: Dig, Shaft Self


You were on level 4 of the Dungeon.
You visited 1 branch of the dungeon, and saw 4 of its levels.

You collected 164 gold pieces.

Inventory:

Hand Weapons
 a - a +0 shortbow (weapon)
 b - a +2 dagger of venom
 w - a +0 rapier
Missiles
 f - a throwing net
Armour
 i - a +0 pair of boots (worn)
 j - a +0 chain mail (worn)
 p - a +0 pair of gloves (worn)
Jewellery
 n - an amulet of reflection (around neck)
 q - a +6 ring of dexterity (left hand)
Scrolls
 c - a scroll of amnesia {unknown}
 d - a scroll of butterflies
 e - 2 scrolls of vulnerability {unknown}
 g - 2 scrolls of fog {unknown}
 k - 4 scrolls of revelation {unknown}
 l - a scroll of immolation
 o - a scroll of blinking {unknown}
 r - 2 scrolls of identify {unknown}
 t - a scroll of fear {unknown}
 u - a scroll of torment {unknown}
 v - a scroll of silence {unknown}
 x - a scroll of acquirement {unknown}
 y - a scroll of teleportation {unknown}
Potions
 h - a potion of might {unknown}
 m - a potion of ambrosia {unknown}
 s - a potion of magic {unknown}


   Skills:
 * Level 3.6 Fighting
 * Level 2.2 Short Blades
 * Level 6.5 Ranged Weapons
 * Level 2.5 Armour
 * Level 2.6 Dodging
 + Level 1.4 Stealth
 + Level 0.6 Shields


You had 6 spell levels left.
You didn't know any spells.
Your spell library was empty.

Dungeon Overview and Level Annotations

Branches:
Dungeon (4/15)
 Temple: D:4-7

Altars:


Innate Abilities, Weirdness & Mutations

You cannot be hasted, slowed, berserked, paralysed or teleported.
You can dig through walls and to a lower floor.
You have a pair of large antennae on your head. (SInv)
Your four strong arms can wield two-handed weapons with a shield.


Message History

An endoplasm comes into view.
Found 16 gold pieces.
The endoplasm quivers.
There are monsters nearby!
You hit the ogre.
The ogre is poisoned.
The ogre is lightly wounded.
You hit the ogre but do no damage.
The ogre is lightly wounded.
The ogre barely misses you.
You hit the ogre.
The ogre looks even sicker.
The ogre is moderately wounded.
The ogre hits you with a +0 giant club!!
Ouch! That really hurt!
You are too injured to fight recklessly!
Unknown command.
You are too injured to fight recklessly!
Unknown command.
You are too injured to fight recklessly!
Unknown command.
Your +2 dagger of venom stops dripping with poison.
a - a +0 shortbow (weapon)
Unknown command.
You shoot an arrow. The arrow hits the ogre!
The ogre is severely wounded.
The ogre hits you with a +0 giant club.
Unknown command.
Unknown command.
Unknown command.
Unknown command.
You shoot an arrow. The arrow completely misses the ogre.
The arrow hits the endoplasm!
You kill the endoplasm!
The ogre hits you with a +0 giant club!
* * * LOW HITPOINT WARNING * * *
Unknown command.
Unknown command.
You shoot an arrow. The arrow hits the ogre.
The ogre is almost dead.
The ogre hits you with a +0 giant club!!
You die...

..... <..
..... ..
#... ..
#... .
..#.#
#.###.#.#
..
#.......#
#.
######O###
#.
#.....@#
#.
#.####.#
#.
#.####.#
##.
#.##...#
#..
#.##.#.#
#..
#.##.#.#
#..
#......#
#..
####.###
#.# #.#
#.#


You could see an ogre (very poisoned).

Vanquished Creatures
  Eustachio (D:3)
  An ice beast (D:4)
  A hound (D:4)
  A jelly (D:2)
  Jessica (D:3)
  5 gnolls
  5 adders
  A worm (D:2)
  2 dart slugs
  2 bats
  15 endoplasms
  7 giant cockroaches
  5 hobgoblins
  4 jackals (D:2)
  3 quokkas
  8 ball pythons
  2 frilled lizards (D:1)
  7 goblins
  11 kobolds
  6 rats
88 creatures vanquished.

Notes
Turn   | Place    | Note
-------+----------+-------------------------------------------
     0 | D:1      | Morbidden the Formicid Hunter began the quest for the Orb.
     0 | D:1      | Reached XP level 1. HP: 16/16 MP: 1/1
   123 | D:1      | Reached XP level 2. HP: 22/23 MP: 2/2
   380 | D:1      | Reached skill level 1 in Short Blades
   380 | D:1      | Reached XP level 3. HP: 28/28 MP: 3/3
   860 | D:1      | Reached skill level 1 in Armour
   911 | D:2      | Found a faded altar of an unknown god.
   995 | D:2      | Reached XP level 4. HP: 34/34 MP: 4/4
  1151 | D:2      | Reached skill level 5 in Ranged Weapons
  1157 | D:2      | Reached XP level 5. HP: 35/39 MP: 5/5
  2416 | D:3      | Noticed Jessica
  2423 | D:3      | Killed Jessica
  2424 | D:3      | Reached XP level 6. HP: 38/47 MP: 6/6
  2870 | D:4      | Noticed Eustachio
  2907 | D:3      | Killed Eustachio
  2908 | D:3      | Reached skill level 6 in Ranged Weapons
  2908 | D:3      | Reached XP level 7. HP: 32/52 MP: 7/7
  3358 | D:4      | Demolished by an ogre

Illustrated notes

Levels and vault maps discovered:
D:1:      dpeg_arrival_yet_another_circle, layout_basic
D:2:      cheibrodos_fertilizer, layout_basic, hellmonk_ecumenical_altar_blasted
D:3:      layout_loops_cross, nicolae_figureground_pulse, uniq_jessica
D:4:      layout_loops_cross, uniq_eustachio

Skill      XL: |  1  2  3  4  5  6 |
---------------+-------------------+-----
Short Blades   | 1 2 |  2.2
Dodging        | 2 |  2.6
Armour         | 1 2 |  2.5
Ranged Weapons | 5 6 |  6.5
Fighting       | 3 |  3.6
Stealth        | |  1.4
Shields        | |  0.6

Action                     |  1- 3 |  4- 6 |  7- 9 || total
---------------------------+-------+-------+-------++-------
  Melee: Dagger            |    11 |    31 |    11 ||    53
         Punch             |     1 |       |       ||     1
   Fire: Shortbow          |    71 |   142 |    17 ||   230
 Armour: Leather armour    |    12 |       |       ||    12
         Chain mail        |     7 |    97 |     8 ||   112
  Dodge: Dodged            |    16 |    74 |     4 ||    94
  Block: Other             |       |    15 |     2 ||    17

Table legend: (Time is in decaauts)
 A = Elapsed time spent in this place.
 B = Non-inter-level travel time spent in this place.
 C = Inter-level travel time spent in this place.
 D = Time resting spent in this place.
 E = Time spent auto-exploring this place.
 F = Levels seen in this place.
 G = Mean time per level.
                   A        B        C        D        E       F      G
               +--------+--------+--------+--------+--------+-----+--------+
         Total |   3456 |   3266 |    190 |    192 |   2409 |   4 |  864.0 |
       Dungeon |   3456 |   3266 |    190 |    192 |   2409 |   4 |  864.0 |
               +--------+--------+--------+--------+--------+-----+--------+

Top non-repeatable levels by time:
     D:2: 1368 daAuts
     D:1: 918 daAuts
     D:3: 706 daAuts
     D:4: 462 daAuts
